 Dungeon Crawl Stone Soup version 0.30.0-29-ga12c61a403 (webtiles) character file.

Game seed: 3942875234924129496

655 cheesebisquit the Ruffian (level 7, 0/68 HPs)
             Began as a Troll Fighter on June 3, 2023.
             Slain by an ogre
             ... wielding a +0 giant club
              (26 damage)
             ... on level 5 of the Dungeon.
             The game lasted 00:09:47 (3973 turns).

cheesebisquit the Ruffian (Troll Fighter)           Turns: 3973, Time: 00:09:48

Health: 0/68       AC:  4    Str: 25    XL:     7   Next: 29%
Magic:  6/6        EV:  9    Int:  6    God:
Gold:   277        SH:  8    Dex:  9    Spells: 6/6 levels left

rFire   . .          .
                       - Unarmed
rCold   . . .        b - +0 kite shield
rNeg    . . .        a - +0 robe
rPois   .            (helmet restricted)
rElec   .            (no cloak)
rCorr   .            (gloves unavailable)
SInv    .            (boots unavailable)
Will    .....        (no amulet)
Stlth   +            (no ring)
HPRegen 1.11/turn    (no ring)
MPRegen 0.10/turn

%: no passive effects
@: no status effects
A: large, unfitting armour, claws 3, regeneration 1, shaggy fur 1, tough skin 1
a: no special abilities


You were on level 5 of the Dungeon.
You visited 2 branches of the dungeon, and saw 6 of its levels.

You collected 277 gold pieces.

Inventory:

Hand Weapons
 y - a +0 sling
Missiles
 d - 3 poisoned darts
 i - a throwing net
 s - 2 boomerangs (quivered)
Armour
 a - a +0 robe (worn)
 b - a +0 kite shield (worn)
Jewellery
 x - the ring of the Shining Light {*Corrode +Blink rElec AC+4 Int+5}
   (You took it off an orc on level 4 of the Dungeon)

   [ring of protection]

   AC:        It affects your AC (+4).
   Int:       It affects your intelligence (+5).
   rElec:     It insulates you from electricity.
   +Blink:    It lets you blink.
   *Corrode:  It may corrode you when you take damage.
Wands
 t - a wand of polymorph (6)
 v - a wand of mindburst (25)
 w - a wand of paralysis (7)
Scrolls
 f - a scroll of blinking {unknown}
 g - 2 scrolls of teleportation {unknown}
 j - a scroll of silence {unknown}
 k - a scroll of magic mapping {unknown}
 l - 2 scrolls of amnesia
 m - a scroll of butterflies {unknown}
 n - a scroll of fog
 q - a scroll of fear {unknown}
 z - a scroll of poison {unknown}
Potions
 c - 2 potions of might
 e - a potion of cancellation
 o - a potion of mutation
 p - 3 potions of curing
 r - 2 potions of magic
 u - a potion of degeneration {unknown}


   Skills:
 + Level 3.8 Fighting
 + Level 2.3 Throwing
 - Level 2.4 Dodging
 + Level 4.3 Shields
 * Level 5.5 Unarmed Combat


You had 6 spell levels left.
You didn't know any spells.
Your spell library contained the following spells:

 Spells                   Type           Power      Damage    Failure   Level
 Dazzling Flash           Conj/Hex       0%         N/A       97%         3
 Inner Flame              Hex/Fire       0%         N/A       97%         3
 Portal Projectile        Hex/Tloc       0%         N/A       97%         3
 Tukima's Dance           Hex            0%         N/A       97%         3
 Volatile Blastmotes      Fire/Tloc      0%         2d10      97%         3
 Iskenderun's Mystic Bla  Conj/Tloc      0%         2d3       100%        4
 Blade Hands              Tmut           0%         N/A       100%        5
 Yara's Violent Unravell  Hex/Tmut       0%         3d3       100%        5
 Starburst                Conj/Fire      0%         6d3       100%        6
 Enfeeble                 Hex            0%         N/A       100%        7


Dungeon Overview and Level Annotations

Branches:
Dungeon (5/15)             Temple (1/1) D:4

Altars:
Ashenzari
Cheibriados
Elyvilon
Fedhas
Gozag
Hepliaklqana
Kikubaaqudgha
Makhleb
Nemelex Xobeh
Okawaru
Qazlal
Ru
Sif Muna
Trog
Uskayaw
Vehumet
Wu Jian
Xom
Yredelemnul
Zin
The Shining One

Shops:
D:3 *   D:4 [


Innate Abilities, Weirdness & Mutations

You are too large for most types of armour.
You have claws for hands.
Your natural rate of healing is unusually fast.
You are covered in fur. (AC +1)
You have tough skin. (AC +1)


Message History

You barely miss the scorpion.
The scorpion is moderately wounded.
The scorpion stings you but does no damage.
You scratch the scorpion.
The scorpion is severely wounded.
The scorpion stings you.
You closely miss the scorpion.
The scorpion is severely wounded.
The scorpion stings you.
You scratch the scorpion.
The scorpion is almost dead.
The scorpion stings you but does no damage.
You closely miss the scorpion.
The scorpion is almost dead.
The scorpion stings you. The scorpion barely misses you.
You barely miss the scorpion.
The scorpion is almost dead.
The scorpion stings you but does no damage.
You scratch the scorpion.
You kill the scorpion!
Items here: )) [ †.
Okay, then.
HP restored.
g - 2 scrolls labelled JOCOKLINEMO (gained 1)
You feel a little less mighty now.
v - a wand of mindburst (25) (gained 8 charges)
An ogre comes into view. It is wielding a +0 giant club.
The ogre shouts!
You scratch the ogre.
The ogre is lightly wounded.
The ogre hits you with a +0 giant club!
You mangle the ogre!!
The ogre is severely wounded.
You barely miss the ogre.
The ogre is severely wounded.
The ogre hits you with a +0 giant club!!
You completely miss the ogre.
The ogre is severely wounded.
The ogre hits you with a +0 giant club!!
You die...

...............
#.########.####### #
#.# #.# #.
#.########.#######
.##.................
...................
..................
#O########.#######
#@# #.# #.# #.#
##.########.#
#.........#.#
##.######.#.### #.#
#.#.#.#####
#.######.#........
#............#####
####.###.#.#.#


You could see an ogre.

Vanquished Creatures
  A water moccasin (D:5)
  A phantom (D:4)
  A scorpion (D:5)
  2 hounds (D:4)
  A gnoll bouda (D:5)
  3 iguanas
  8 gnolls
  8 adders
  4 dart slugs
  10 orcs (D:4)
  8 ball pythons
  6 endoplasms
  4 giant cockroaches
  7 goblins
  11 hobgoblins
  3 jackals (D:1)
  2 quokkas
  4 bats
  2 frilled lizards (D:1)
  9 kobolds
  2 rats
97 creatures vanquished.

Notes
Turn   | Place    | Note
-------+----------+-------------------------------------------
     0 | D:1      | cheesebisquit the Troll Fighter began the quest for the
                  | Orb.
     0 | D:1      | Reached XP level 1. HP: 22/22 MP: 0/0
   133 | D:1      | Reached XP level 2. HP: 29/29 MP: 1/1
   593 | D:1      | Reached XP level 3. HP: 36/36 MP: 2/2
   841 | D:2      | Reached skill level 3 in Unarmed Combat
   977 | D:2      | Reached XP level 4. HP: 44/44 MP: 3/3
  1260 | D:3      | Found Nimi's Assorted Antiques.
  1967 | D:4      | Reached XP level 5. HP: 53/53 MP: 4/4
  2017 | D:4      | Reached skill level 4 in Unarmed Combat
  2244 | D:4      | Reached skill level 1 in Throwing
  2929 | D:4      | Found Bubicoef's Armour Boutique.
  3043 | D:4      | Reached XP level 6. HP: 41/61 MP: 5/5
  3064 | D:4      | Found a staircase to the Ecumenical Temple.
  3072 | Temple   | Entered the Ecumenical Temple
  3309 | D:4      | Found a hide-covered altar of Uskayaw.
  3506 | D:4      | Found a glowing silver altar of Zin.
  3506 | D:4      | Found a sparkling altar of Nemelex Xobeh.
  3508 | D:4      | Found a glowing golden altar of the Shining One.
  3585 | D:4      | Identified the ring of the Shining Light {*Corrode +Blink
                  | rElec AC+4 Int+5}
  3779 | D:5      | Entered Level 5 of the Dungeon
  3821 | D:5      | Reached skill level 5 in Unarmed Combat
  3826 | D:5      | Noticed a water moccasin
  3837 | D:5      | Killed a water moccasin
  3838 | D:5      | Reached XP level 7. HP: 38/68 MP: 6/6
  3973 | D:5      | Slain by an ogre

Illustrated notes

Levels and vault maps discovered:
D:1:      amcnicky_arrival_abandoned_market, layout_basic
D:2:      minmay_door_path, layout_rooms
D:3:      minmay_diamond_boxcup, layout_loops_ring, serial_shops, shop
D:4:      layout_loops_ring, mainiacjoe_overflow_alcove_3,
          minmay_temple_entry_ruins, serial_shops, shop, chequers_arboretum,
          grunt_ministairs_4
D:5:      layout_basic
Temple:   minmay_crystal_spiral_temple

Skill      XL: |  1  2  3  4  5  6 |
---------------+-------------------+-----
Shields        | 3 4 |  4.3
Unarmed Combat | 3 4 5 |  5.5
Fighting       | 3 |  3.8
Throwing       | 1 2 |  2.3
Dodging        | |  2.4

Action                     |  1- 3 |  4- 6 |  7- 9 || total
---------------------------+-------+-------+-------++-------
  Melee: Unarmed           |    98 |   175 |    26 ||   299
  Throw: Boomerang         |       |       |     5 ||     5
    Use: Scroll            |       |     7 |       ||     7
         Potion            |       |       |     1 ||     1
 Armour: Robe              |    27 |    40 |     4 ||    71
  Dodge: Dodged            |    38 |    41 |     7 ||    86
  Block: Kite shield       |    33 |    46 |     7 ||    86
